 Dungeon Crawl Stone Soup version 0.28.0 (webtiles) character file.

Game seed: 13721769495795624668

51 HallandMoats the Ruffian (level 3, -3/33 HPs)
             Began as a Ghoul Monk on Feb 7, 2022.
             Was an Initiate of Gozag.
             Slain by a gnoll (6 damage)
             ... on level 2 of the Dungeon.
             The game lasted 00:01:58 (1385 turns).

HallandMoats the Ruffian (Ghoul Monk)               Turns: 1385, Time: 00:01:59

Health: -3/33      AC:  6    Str: 16    XL:     3   Next: 83%
Magic:  2/2        EV: 10    Int:  5    God:    Gozag
Gold:   116        SH:  0    Dex: 11    Spells: 2/2 levels left

rFire   . . .      SeeInvis .     - Unarmed
rCold   + . .      Faith    .   (no shield)
rNeg    + + +      Spirit   .   e - +0 scale mail
rPois   ∞          Reflect  .   (no helmet)
rElec   .          Harm     .   (no cloak)
rCorr   .          Rampage  .   (no gloves)
Will    .....                   (no boots)
Stlth   ..........              (no amulet)
HPRegen 0.00/turn               (no ring)
MPRegen 0.08/turn               (no ring)

@: inhibited regen
A: claws 1, cold resistance 1, negative energy resistance 3, inhibited
regeneration, torment resistance 2
a: Renounce Religion, Potion Petition, Call Merchant, Bribe Branch


You were on level 2 of the Dungeon.
You worshipped Gozag.
Gozag was aware of your devotion.
You visited 1 branch of the dungeon, and saw 3 of its levels.

You collected 116 gold pieces.

Inventory:

Armour
 e - a +0 scale mail (worn)
Jewellery
 d - a +4 ring of evasion
Scrolls
 a - 2 scrolls of fear {unknown}
 b - a scroll of magic mapping {unknown}
 g - a scroll of torment {unknown}
Potions
 c - a potion of resistance {unknown}
 f - a potion of lignification {unknown}


   Skills:
 * Level 3.9 Fighting
 + Level 1.1 Armour
 + Level 3.0 Dodging
 - Level 2.1 Stealth
 * Level 4.0 Unarmed Combat


You had 2 spell levels left.
You didn't know any spells.
Your spell library was empty.

Dungeon Overview and Level Annotations

Branches:
Dungeon (3/15)

Altars:
Gozag


Innate Abilities, Weirdness & Mutations

You thrive by killing the living.
You are immune to poison.
You have sharp fingernails.
Your flesh is cold resistant. (rC+)
You are immune to negative energy. (rN+++)
You do not regenerate when monsters are visible.
You are immune to unholy pain and torment.


Message History

There is a stone staircase leading up here.
The gnoll hits you from afar with a +0 halberd!
Found an escape hatch in the ceiling.
You swing at nothing.
An adder comes into view.
The adder hisses angrily.
You scratch the gnoll.
The gnoll is moderately wounded.
The gnoll hits you with a +0 flail.
You claw the gnoll!
You kill the gnoll!
Your Dodging skill increases to level 3!
Your Unarmed Combat skill increases to level 4!
You swing at nothing.
The gnoll is distracted by your dazzling golden aura.
You swing at nothing.
You swing at nothing.
The gnoll hits you from afar with a +0 halberd!
The gnoll hits you from afar with a +0 spear.
The gnoll shouts!
Things that are here:
7 gold pieces; a +0 flail You barely miss the gnoll.
The gnoll is no longer distracted by gold.
The gnoll hits you from afar with a +0 halberd!
* * * LOW HITPOINT WARNING * * *
The gnoll hits you with a +0 vorpal flail.
* * * LOW HITPOINT WARNING * * *
x2 The gnoll hits you but does no damage.
The gnoll is distracted by your dazzling golden aura.
The gnoll is distracted by your dazzling golden aura.
There is an escape hatch in the ceiling here.
The gnoll barely misses you. A mysterious force pulls you upwards.
The hatch slams shut behind you.
You scratch the gnoll but do no damage. The gnoll completely misses you.
You claw the gnoll!
The gnoll is heavily wounded.
The gnoll hits you with a +0 vorpal flail.
You die...
Your body crumbles into a pile of gold.

#.###.#.##.....#
#.###.#.##.....#
#.......##.....#
#.....#.##.....#
###.###.##.....#
#..............#
######.###.#......#
#.####.###.#..÷...#####
#.#...@g...............
#......#...#......#####
#..........##..<.......
###......#...##.#..#.....
#......>...[............. ###
###...........#.##....... #.#
#.#......................
###.###.##................#####
#...............#####.#(..#


You could see a gnoll.

Vanquished Creatures
  A gnoll (D:3)
  A worm (D:2)
  A dart slug (D:2)
  4 bats
  3 endoplasms
  2 giant cockroaches
  4 goblins
  2 hobgoblins
  4 jackals (D:2)
  3 kobolds
  2 quokkas (D:1)
  5 ball pythons
32 creatures vanquished.

Notes
Turn   | Place    | Note
-------+----------+-------------------------------------------
     0 | D:1      | HallandMoats the Ghoul Monk began the quest for the Orb.
     0 | D:1      | Reached XP level 1. HP: 19/19 MP: 0/0
    16 | D:1      | Found a faded altar of an unknown god.
   251 | D:1      | Reached XP level 2. HP: 26/26 MP: 1/1
   717 | D:2      | Reached XP level 3. HP: 22/33 MP: 2/2
  1102 | D:2      | Found an opulent altar of Gozag.
  1148 | D:1      | Prayed at the altar of an unknown god.
  1148 | D:1      | Became a worshipper of Gozag Ym Sagoz the Greedy
  1298 | D:2      | Reached skill level 1 in Armour
  1373 | D:3      | Reached skill level 4 in Unarmed Combat
  1385 | D:2      | Slain by a gnoll

Illustrated notes

Levels and vault maps discovered:
D:1:      psy_arrival_dodecagon, layout_loops_ring,
          shapermc_ecumenical_altar_starsandcircs
D:2:      layout_basic, basic_altar, minmay_statues_item
D:3:      layout_rooms, elyvilon_altar_5, gammafunk_temple_overflow_pools

Skill      XL: |  1  2  3 |
---------------+----------+-----
Armour         | 1 |  1.1
Dodging        | 3 |  3.0
Unarmed Combat | 4 |  4.0
Fighting       | |  3.9
Stealth        | |  2.1

Action                   || total
-------------------------++-------
Melee: Unarmed           ||    80
       Punch             ||     2
 Stab: Sleeping          ||     2
Armor: Robe              ||     2
       Scale mail        ||    29
       Ring mail         ||     4
Dodge: Dodged            ||    58
